 Dungeon Crawl Stone Soup version 0.27-a0-906-g0a00ce863d (webtiles) character file.

Game seed: 13805818809662360132

1295 littlecub the Ruffian (level 8, -7/71 HPs)
             Began as a Ghoul Gladiator on Apr 6, 2021.
             Was a Follower of Okawaru.
             Mangled by an ogre
             ... wielding a +0 giant spiked club
              (16 damage)
             ... on level 6 of the Dungeon.
             The game lasted 00:10:47 (5647 turns).

littlecub the Ruffian (Ghoul Gladiator)             Turns: 5647, Time: 00:10:47

Health: -7/71      AC: 10    Str: 20    XL:     8   Next: 56%
Magic:  8/8        EV:  8    Int:  3    God:    Okawaru [*.....]
Gold:   224        SH:  0    Dex: 10    Spells: 7/7 levels left

rFire    . . .     SeeInvis .     - Unarmed
rCold    + . .     Faith    .   (no shield)
rNeg     + + +     Spirit   .   h - +0 chain mail
rPois    ∞         Reflect  .   b - +0 helmet
rElec    .         Harm     .   (no cloak)
rCorr    .         Rampage  .   (no gloves)
Will     .....                  (no boots)
Stlth    ..........             (no amulet)
HPRegen  0.00/turn              (no ring)
MPRegen  0.11/turn              (no ring)

@: no status effects
A: claws 1, cold resistance 1, negative energy resistance 3, inhibited
regeneration, torment resistance 2, unbreathing 1
a: Renounce Religion, Heroism


You were on level 6 of the Dungeon.
You worshipped Okawaru.
Okawaru was aware of your devotion.
You visited 2 branches of the dungeon, and saw 7 of its levels.

You collected 224 gold pieces.

Inventory:

Missiles
 c - 3 throwing nets
 d - 2 javelins (quivered)
 f - 5 curare-tipped darts
 o - 16 poisoned darts
Armour
 b - a +0 helmet (worn)
 h - a +0 chain mail (worn)
 p - a +0 cloak
Jewellery
 t - an amulet of guardian spirit
Wands
 q - a wand of digging (5)
Scrolls
 j - 2 scrolls of teleportation
 m - 2 scrolls of identify
 n - a scroll of acquirement {unknown}
 s - a scroll of enchant weapon {unknown}
Potions
 a - a potion of degeneration {unknown}
 g - 2 potions of attraction {unknown}
 i - 3 potions of lignification {unknown}
 k - a potion of invisibility {unknown}
 r - a potion of resistance {unknown}


   Skills:
 * Level 6.5 Fighting
 - Level 1.7 Throwing
 + Level 3.2 Armour
 + Level 4.5 Dodging
 * Level 7.0 Unarmed Combat
 + Level 2.5 Invocations


You had 7 spell levels left.
You didn't know any spells.
Your spell library contained the following spells:

 Spells                   Type           Power      Damage    Failure   Level
 Confusing Touch          Hex            0%         N/A       100%        3
 Gell's Gravitas          Tloc           0%         N/A       100%        3
 Petrify                  Tmut/Erth      0%         N/A       100%        4
 Metabolic Englaciation   Hex/Ice        0%         N/A       100%        5
 Yara's Violent Unravell  Hex/Tmut       0%         3d3       100%        5


Dungeon Overview and Level Annotations

Branches:
Dungeon (6/15)             Temple (1/1) D:4

Altars:
Ashenzari
Cheibriados
Dithmenos
Elyvilon
Fedhas
Gozag
Hepliaklqana
Kikubaaqudgha
Makhleb
Nemelex Xobeh
Okawaru
Qazlal
Ru
Sif Muna
Trog
Uskayaw
Vehumet
Wu Jian
Xom
Yredelemnul
Zin
The Shining One


Innate Abilities, Weirdness & Mutations

You thrive by killing the living.
You are immune to poison.
You have sharp fingernails.
Your flesh is cold resistant. (rC+)
You are immune to negative energy. (rN+++)
You do not regenerate when monsters are visible.
You are immune to unholy pain and torment.
You can survive without breathing.


Message History

Where to? (Enter - D:6, ? - help)
There is a stone staircase leading down here.
You climb downwards.
There is a stone staircase leading up here.
As you read the scroll labelled IDAUDAL WUYCZO, it crumbles to dust.
It is a scroll of identify.
e - a scroll of fog
As you read the scroll of identify, it crumbles to dust.
l - a scroll of noise Drop what? 20/52 slots (_ for help) (? for menu, Esc to quit)
You drop a scroll of noise.
m - 2 scrolls of identify (gained 1)
There is a stone staircase leading up here.
You see here a scroll of noise.
An ogre comes into view. It is wielding a +0 giant spiked club.
The ogre shouts!
The ogre hits you with a +0 giant spiked club!
You scratch the ogre.
The ogre is lightly wounded.
You scratch the ogre.
The ogre is moderately wounded.
The ogre hits you with a +0 giant spiked club!
You barely miss the ogre.
The ogre is moderately wounded.
The ogre hits you with a +0 giant spiked club!!
* * * LOW HITPOINT WARNING * * *
There is a stone staircase leading up here.
You see here a scroll of noise.
A centaur comes into view.
The centaur wields a +0 shortbow.
The centaur shoots an arrow.
The arrow hits you.
* * * LOW HITPOINT WARNING * * *
Okay, then.
Unknown command.
As you read the scroll of fog, it crumbles to dust.
The scroll dissolves into smoke.
The centaur shoots an arrow.
The arrow hits you.
* * * LOW HITPOINT WARNING * * *
The ogre hits you with a +0 giant spiked club!
You die...

## .######
######......#
#...§§§.....c
#...§@§....#
#...§O§....#
#..........#
##..##..####
#..## #.#
#.## .# #.#
.. #.# ##.
#.# #.


You could see an ogre and a centaur.

Vanquished Creatures
  Pikel (D:4)
  A phantom (D:5)
  2 scorpions
  A water moccasin skeleton (D:5)
  2 jellies (D:5)
  2 hounds
  A bullfrog skeleton (D:6)
  Jessica (D:2)
  3 iguanas
  Natasha (D:2)
  4 orc wizards
  Robin (D:3)
  6 adders
  4 worms
  A dart slug (D:5)
  21 orcs
  9 bats
  8 endoplasms
  5 giant cockroaches
  24 goblins
  9 hobgoblins
  11 jackals
  2 quokkas (D:1)
  13 ball pythons
  2 frilled lizards
  3 kobolds
  8 rats
146 creatures vanquished.

Notes
Turn   | Place    | Note
-------+----------+-------------------------------------------
     0 | D:1      | littlecub the Ghoul Gladiator began the quest for the Orb.
     0 | D:1      | Reached XP level 1. HP: 17/17 MP: 0/0
    58 | D:1      | Reached XP level 2. HP: 24/25 MP: 1/1
   404 | D:1      | Reached XP level 3. HP: 25/30 MP: 2/2
  1250 | D:2      | Reached skill level 4 in Unarmed Combat
  1317 | D:2      | Reached skill level 1 in Armour
  1390 | D:2      | Reached XP level 4. HP: 38/38 MP: 3/3
  1493 | D:2      | Noticed Jessica
  1499 | D:2      | Killed Jessica
  1500 | D:2      | Found a faded altar of an unknown god.
  1546 | D:2      | Noticed Natasha
  1553 | D:2      | Killed Natasha
  1585 | D:2      | Reached XP level 5. HP: 45/45 MP: 4/4
  1915 | D:3      | Found a hide-covered altar of Uskayaw.
  2142 | D:3      | Reached XP level 6. HP: 42/52 MP: 5/5
  2172 | D:3      | Noticed Robin
  2459 | D:3      | Reached skill level 5 in Unarmed Combat
  2564 | D:3      | Killed Robin
  3231 | D:4      | You fall into a shaft and drop 1 floor!
  3231 | D:5      | Entered Level 5 of the Dungeon
  3241 | D:5      | Found a blossoming altar of Fedhas.
  3245 | D:5      | Found a burning altar of Makhleb.
  3390 | D:5      | Reached XP level 7. HP: 60/60 MP: 6/6
  3427 | D:4      | Found a staircase to the Ecumenical Temple.
  3436 | D:4      | Reached skill level 5 in Fighting
  3452 | Temple   | Entered the Ecumenical Temple
  3807 | Temple   | Became a worshipper of Warmaster Okawaru
  4619 | D:5      | Noticed Pikel
  4640 | D:4      | Killed Pikel
  4641 | D:4      | Reached skill level 6 in Unarmed Combat
  4641 | D:4      | Reached XP level 8. HP: 51/70 MP: 6/8
  4879 | D:5      | Reached * piety under Okawaru
  5613 | D:6      | Reached skill level 7 in Unarmed Combat
  5647 | D:6      | Mangled by an ogre

Illustrated notes

Levels and vault maps discovered:
D:1:      grunt_arrival_lava_bath, layout_basic
D:2:      layout_basic, serial_forest, infiniplex_forest_clump_tiny,
          infiniplex_forest_diagonal, infiniplex_forest_end_2,
          infiniplex_forest_end_2, basic_ecumenical_altar, minmay_quantized,
          uniq_jessica, uniq_natasha
D:3:      layout_rooms, lemuel_crystal_altar, uniq_robin
D:4:      layout_loops_ring, minmay_temple_entry_stoned_glass
D:5:      layout_basic, grunt_temple_overflow_open, hangedman_decor_peaks_small,
          uniq_pikel
D:6:      layout_rooms
Temple:   dpeg_five_rooms_temple

Skill      XL: |  1  2  3  4  5  6  7  8 |
---------------+-------------------------+-----
Dodging        | 3 4 |  4.5
Fighting       | 3 4 6 |  6.5
Unarmed Combat | 4 5 6 7 |  7.0
Armour         | 1 2 3 |  3.2
Invocations    | 2 |  2.5
Throwing       | |  1.7

Action                   |  1- 3 |  4- 6 |  7- 9 || total
-------------------------+-------+-------+-------++-------
Melee: Unarmed           |   121 |   249 |   149 ||   519
       Punch             |       |     2 |     2 ||     4
  Use: Scroll            |       |       |     4 ||     4
Armor: Leather armour    |    43 |       |       ||    43
       Chain mail        |     7 |   172 |    76 ||   255
Dodge: Dodged            |    85 |   136 |    53 ||   274

Table legend: (Time is in decaauts)
 A = Elapsed time spent in this place.
 B = Non-inter-level travel time spent in this place.
 C = Inter-level travel time spent in this place.
 D = Time resting spent in this place.
 E = Time spent auto-exploring this place.
 F = Levels seen in this place.
 G = Mean time per level.
                   A        B        C        D        E       F      G
               +--------+--------+--------+--------+--------+-----+--------+
         Total |   5603 |   5433 |    170 |    479 |   4066 |   7 |  800.4 |
       Dungeon |   5216 |   5077 |    139 |    479 |   3719 |   6 |  869.3 |
        Temple |    386 |    355 |     31 |      0 |    347 |   1 |  386.0 |
               +--------+--------+--------+--------+--------+-----+--------+

Top non-repeatable levels by time:
     D:1: 1134 daAuts
     D:4: 1131 daAuts
     D:2: 1074 daAuts
     D:5: 1065 daAuts
     D:3: 786 daAuts
  Temple: 386 daAuts
     D:6: 24 daAuts
